 Dungeon Crawl Stone Soup version 0.27-a0-96-gb51a1d6fd6 (webtiles) character file.

Game seed: 9394507569657948290

121 Mitsuki the Conjurer (level 4, -1/24 HPs)
             Began as a Deep Elf Conjurer on Jan 20, 2021.
             Slain by an adder (2 damage)
             ... on level 2 of the Dungeon.
             The game lasted 00:04:18 (1836 turns).

Mitsuki the Conjurer (Deep Elf Conjurer)            Turns: 1836, Time: 00:04:19

Health: -1/24      AC:  6    Str:  5    XL:     4   Next: 77%
Magic:  1/12       EV: 14    Int: 21    God:
Gold:   85         SH:  0    Dex: 13    Spells: 8/11 levels left

rFire    . . .     SeeInvis .   c - +0 dagger
rCold    . . .     Faith    .   (no shield)
rNeg     . . .     Spirit   .   a - +0 robe
rPois    .         Reflect  .   (helmet restricted)
rElec    .         Harm     .   (no cloak)
rCorr    .         Rampage  .   (no gloves)
Will     .....                  (no boots)
Stlth    ++........             (no amulet)
HPRegen  0.08/turn              (no ring)
MPRegen  0.13/turn              (no ring)

@: lethally poisoned (-1 -> -8), hasted, very quick
A: antennae 1, slimy green scales 1, yellow scales 1, dopey 1
a: no special abilities


You were on level 2 of the Dungeon.
You visited 1 branch of the dungeon, and saw 2 of its levels.

You collected 85 gold pieces.

Inventory:

Hand Weapons
 c - a +0 dagger (weapon)
Armour
 a - a +0 robe (worn)
Jewellery
 g - an uncursed amulet of guardian spirit {unknown}
Scrolls
 b - 3 scrolls of remove curse {unknown}
 d - 2 scrolls of enchant armour {unknown}
 f - 2 scrolls of random uselessness {unknown}
 i - 2 scrolls of fear {unknown}
 j - a scroll of teleportation {unknown}
Potions
 e - 3 potions of mutation
 h - a potion of haste


   Skills:
 + Level 3.8 Dodging
 - Level 2.4 Stealth
 + Level 4.4 Spellcasting
 * Level 5.5 Conjurations


You had 8 spell levels left.
You knew the following spells:

 Your Spells              Type           Power        Failure   Level
a - Magic Dart            Conj           100%         1%          1
b - Searing Ray           Conj           54%          1%          2

Your spell library contained the following spells:

 Spells                   Type           Power        Failure   Level
 Dazzling Flash           Conj/Hex       32%          11%         3
 Fulminant Prism          Conj/Hex       8%           36%         4
 Iskenderun's Mystic Bla  Conj/Tloc      16%          36%         4


Dungeon Overview and Level Annotations

Branches:
Dungeon (2/15)

Altars:
Dithmenos

Annotations:
D:2 1 runed translucent door, Crazy Yiuf


Innate Abilities, Weirdness & Mutations

You have a pair of small antennae on your head.
You are partially covered in slimy green scales. (AC +2)
You are partially covered in yellow scales. (AC +2)
You are dopey. (Int -2)


Message History

Aiming: Magic Dart (safe; 1% risk of failure)
Press: ? - help, Shift-Dir - straight line, f/p - gnoll
Aim: a gnoll, wielding a +0 halberd (moderately wounded, 0% to evade)
Okay, then.
It was a potion of haste.
You feel yourself speed up.
* * * LOW HITPOINT WARNING * * *
You feel sick. The adder bites you.
* * * LOW HITPOINT WARNING * * *
The gnoll completely misses you.
You take 3 damage, and have 3/24 hp.
* * * LOW HITPOINT WARNING * * *
You feel sick.
* * * LOW HITPOINT WARNING * * *
You feel sick.
You take 1 damage, and have 2/24 hp.
There is a lethal amount of poison in your body!
The adder bites you but does no damage.
* * * LOW HITPOINT WARNING * * *
You feel sick. The adder bites you.
You die...

............÷..........>.....†...
####...##.#############...#.#...#
#...##.# #######...#.#...#
##...##.#### #.........#.#...#
#<....#....####.#####(....#...#
##....#....'....# ##.........
#....#....###### ##..##.###
####.#################...#....
#[.........gS@...........#####
#.##.##################..###
#...... ######.....# #(.#.###
#..........# ....#.. #..........#
.... ### #..........# ....
#.........>### ....
#........#.... ######.###.###


You could see a gnoll and an adder.

Vanquished Creatures
  Natasha (D:2)
  2 gnolls (D:2)
  2 adders (D:2)
  A dart slug (D:1)
  4 leopard geckos (D:2)
  2 ball pythons (D:1)
  6 bats
  3 giant cockroaches
  4 goblins
  3 hobgoblins
  8 jackals
  5 frilled lizards
  5 kobolds (D:1)
  6 rats (D:1)
52 creatures vanquished.

Notes
Turn   | Place    | Note
-------+----------+-------------------------------------------
     0 | D:1      | Mitsuki the Deep Elf Conjurer began the quest for the Orb.
     0 | D:1      | Reached XP level 1. HP: 10/10 MP: 6/6
   262 | D:1      | Reached XP level 2. HP: 15/15 MP: 6/8
   774 | D:1      | Reached XP level 3. HP: 19/19 MP: 8/10
  1155 | D:2      | Learned a level 2 spell: Searing Ray
  1164 | D:2      | Reached skill level 5 in Conjurations
  1427 | D:2      | Noticed Natasha
  1583 | D:2      | Found a shadowy altar of Dithmenos.
  1672 | D:2      | Found a runed translucent door.
  1673 | D:2      | Noticed Crazy Yiuf
  1808 | D:2      | Reached XP level 4. HP: 24/24 MP: 7/12
  1811 | D:2      | Killed Natasha
  1823 | D:2      | Gained mutation: You have a pair of small antennae on your
                  | head. [potion of mutation]
  1823 | D:2      | Gained mutation: You are dopey. (Int -2) [potion of
                  | mutation]
  1823 | D:2      | Gained mutation: You are partially covered in slimy green
                  | scales. (AC +2) [potion of mutation]
  1823 | D:2      | Gained mutation: You are partially covered in yellow
                  | scales. (AC +2) [potion of mutation]
  1836 | D:2      | HP: 1/24 [poisoned by an adder]
  1836 | D:2      | Slain by an adder

Illustrated notes

Levels and vault maps discovered:
D:1:      tarquinn_simple_flora_water_c, layout_loops_cross,
          amcnicky_mini_corridor_feature
D:2:      layout_basic, grunt_dithmenos_smoke, uniq_crazy_yiuf_cottage,
          uniq_natasha

Skill      XL: |  1  2  3 |
---------------+----------+-----
Dodging        | 3 |  3.8
Conjurations   | 5 |  5.5
Spellcasting   | 4 |  4.4
Stealth        | |  2.4

Action                   |  1- 3 |  4- 6 || total
-------------------------+-------+-------++-------
Melee: Dagger            |     7 |     5 ||    12
 Cast: Magic Dart        |    75 |     1 ||    76
       Searing Ray       |     1 |     2 ||     3
  Use: Potion            |       |     2 ||     2
Armor: Robe              |     1 |     2 ||     3
Dodge: Dodged            |    12 |    14 ||    26

Table legend: (Time is in decaauts)
 A = Elapsed time spent in this place.
 B = Non-inter-level travel time spent in this place.
 C = Inter-level travel time spent in this place.
 D = Time resting spent in this place.
 E = Time spent auto-exploring this place.
 F = Levels seen in this place.
 G = Mean time per level.
                   A        B        C        D        E       F      G
               +--------+--------+--------+--------+--------+-----+--------+
         Total |   1833 |   1764 |     69 |      0 |   1589 |   2 |  916.5 |
       Dungeon |   1833 |   1764 |     69 |      0 |   1589 |   2 |  916.5 |
               +--------+--------+--------+--------+--------+-----+--------+

Top non-repeatable levels by time:
     D:1: 1070 daAuts
     D:2: 762 daAuts
